 Dungeon Crawl Stone Soup version 0.24.1-14-gf8d2b509d9 (webtiles) character file.

Game seed: 2165059917335440763, levelgen mode: deterministic

81 Spinowolf the Ruffian (level 4, -5/35 HPs)
             Began as a Minotaur Transmuter on Nov 16, 2021.
             Was an Initiate of Wu Jian.
             Killed from afar by Sigmund (8 damage)
             ... with a magic dart
             ... on level 3 of the Dungeon.
             The game lasted 00:18:59 (1753 turns).

Spinowolf the Ruffian (Minotaur Transmuter)         Turns: 1753, Time: 00:19:00

Health: -5/35      AC:  4    Str: 15    XL:     4   Next: 20%
Magic:  5/5        EV: 12    Int: 13    God:    Wu Jian [......]
Gold:   125        SH:  0    Dex: 10    Spells: 5/6 levels left

rFire    . . .     SeeInvis .   g - +1 short sword (curse)
rCold    . . .     Gourm    .   (no shield)
rNeg     . . .     Faith    .   b - +0 robe
rPois    .         Spirit   .   (helmet unavailable)
rElec    .         Reflect  .   (no cloak)
rCorr    .         Harm     .   l - +0 pair of gloves
MR       .....                  f - +0 pair of boots
Stlth    +.........             (no amulet)
HPRegen  0.11/turn              (no ring)
MPRegen  0.09/turn              (no ring)

@: no status effects
A: retaliatory headbutt, horns 3, clever 1
a: Renounce Religion


You were on level 3 of the Dungeon.
You worshipped Wu Jian.
Wu Jian was noncommittal.
You were not hungry.

You visited 1 branch of the dungeon, and saw 3 of its levels.

You collected 125 gold pieces.

Inventory:

Hand Weapons
 g - a cursed +1 short sword (weapon)
 h - a +0 dagger
 i - a +0 whip
 k - a +0 short sword
Missiles
 a - 12 arrows
Armour
 b - a +0 robe (worn)
 e - a +0 ring mail
 f - a +0 pair of boots (worn)
 l - a +0 pair of gloves (worn)
Scrolls
 j - a scroll of identify
Potions
 c - a potion of curing
Comestibles
 d - 4 rations


   Skills:
 + Level 1.4 Fighting
 + Level 1.2 Short Blades
 + Level 0.4 Maces & Flails
 + Level 1.7 Armour
 + Level 2.7 Dodging
 + Level 0.2 Stealth
 + Level 4.0 Unarmed Combat
 + Level 1.7 Spellcasting
 + Level 1.7 Transmutations


You had 5 spell levels left.
You knew the following spells:

 Your Spells              Type           Power        Failure   Level  Hunger
a - Beastly Appendage     Tmut           #.....       13%         1    ##.....

Your spell library contained the following spells:

 Spells                   Type           Power        Failure   Level  Hunger
 Sticks to Snakes         Tmut           #.......     21%         2    ###....
 Spider Form              Tmut/Pois      #.........   50%         3    ####...
 Ice Form                 Ice/Tmut       #.......     88%         4    #####..
 Blade Hands              Tmut           #.........   98%         5    ######.


Dungeon Overview and Level Annotations

Branches:
Dungeon (3/15)

Altars:
Wu Jian

Annotations:
D:3 Sigmund


Innate Abilities, Weirdness & Mutations

You reflexively headbutt those who attack you in melee.
You have a pair of large horns on your head.
Your mind is acute. (Int +2)


Message History

You hear some strange, mumbled words.
You are confused.
You're too confused to move!
Something hits you but does no damage.
You completely miss something. Your headbutt misses something.
You hear some strange, mumbled words.
Something tries to affect you, but you resist.
You hit something. Your headbutt misses something. Something hits you!
You bump into the rock wall.
A magic dart appears from out of thin air!
The magic dart hits you.
* * * LOW HITPOINT WARNING * * *
You bump into the rock wall.
Something hits you but does no damage.
You bump into the rock wall.
You feel less confused. Something hits you.
* * * LOW HITPOINT WARNING * * *
Something hits you but does no damage.
A magic dart appears from out of thin air!
The magic dart hits you!
You die...

#.# #.# #.# ...#.#.# #.#
#..#.#.#.# #l# ..#.#.#.#
#l# ..#.#.#.###.#
###.#.#.#.#...#
...#.#.#.#.###
#######.#.#.#.#@#
#..........<#.#.######
##.#####.#.#............
...†.....#.###.#.#######
##.#..##.......#.#
##.#..##.#######.#
......##.# ...
##.##.##.# #.# #....##.#
#.#


You could see a leopard gecko.

Vanquished Creatures
  2 adders (D:2)
  An ooze (D:1)
  A worm (D:2)
  A dart slug (D:1)
  3 giant cockroaches
  5 goblins
  7 hobgoblins
  5 jackals (D:2)
  4 kobolds
  2 quokkas (D:2)
  2 ball pythons (D:1)
  8 bats
  4 frilled lizards
  5 rats
50 creatures vanquished.

Notes
Turn   | Place    | Note
-------+----------+-------------------------------------------
     0 | D:1      | Spinowolf the Minotaur Transmuter began the quest for the
                  | Orb.
     0 | D:1      | Reached XP level 1. HP: 16/16 MP: 1/1
   250 | D:1      | Reached skill level 1 in Armour
   266 | D:1      | Reached XP level 2. HP: 22/23 MP: 1/3
   620 | D:1      | Reached XP level 3. HP: 23/28 MP: 4/4
   925 | D:2      | Reached skill level 4 in Unarmed Combat
   943 | D:2      | Gained mutation: Your mind is acute. (Int +2) [potion of
                  | mutation]
   943 | D:2      | Gained mutation: You have a pair of large horns on your
                  | head. [potion of mutation]
  1288 | D:2      | Found an ornate altar of the Wu Jian Council.
  1323 | D:2      | Became a worshipper of the Wu Jian Council
  1352 | D:2      | Reached skill level 1 in Short Blades
  1352 | D:2      | Reached XP level 4. HP: 22/35 MP: 5/5
  1737 | D:3      | Noticed Sigmund
  1753 | D:3      | Killed from afar by Sigmund

Levels and vault maps discovered:
D:1:      minmay_arrival_jagged, layout_basic
D:2:      layout_rooms, old_standard_altar, kennysheep_generic_room_6
D:3:      layout_basic, vehumet_crystals, ebering_ghost_reflecting_pool,
          uniq_sigmund

Skill      XL: |  1  2  3 |
---------------+----------+-----
Armour         | 1 |  1.7
Unarmed Combat | 4 |  4.0
Short Blades   | 1 |  1.2
Fighting       | |  1.4
Maces & Flails | |  0.4
Dodging        | |  2.7
Stealth        | |  0.2
Spellcasting   | |  1.7
Transmutations | |  1.7

Action                   |  1- 3 |  4- 6 || total
-------------------------+-------+-------++-------
Melee: Unarmed           |    10 |       ||    10
       Whip              |    49 |       ||    49
       Headbutt          |     9 |       ||     9
       Punch             |     1 |       ||     1
       Short sword       |    41 |    19 ||    60
Invok: Lunge             |     1 |     2 ||     3
  Use: Potion            |     7 |       ||     7
       Scroll            |     5 |       ||     5
 Stab: Sleeping          |     1 |       ||     1
  Eat: Ration            |     1 |       ||     1
Armor: Ring mail         |    24 |       ||    24
       Robe              |    30 |     5 ||    35
Dodge: Dodged            |    80 |     8 ||    88
